 Dungeon Crawl Stone Soup version 0.25-a0-583-g696c2ac64d (webtiles) character file.

Game seed: 6475690211051245029, levelgen mode: deterministic

539 ReteAZ the Spear-Bearer (level 7, -6/53 HPs)
             Began as a Merfolk Gladiator on Mar 8, 2020.
             Was a Follower of Okawaru.
             Mangled by an iguana (14 damage)
             ... on level 5 of the Dungeon.
             The game lasted 00:05:48 (4127 turns).

ReteAZ the Spear-Bearer (Merfolk Gladiator)         Turns: 4127, Time: 00:05:49

Health: -6/53      AC:  3    Str: 14    XL:     7   Next: 26%
Magic:  7/7        EV: 15    Int:  9    God:    Okawaru [*.....]
Gold:   242        SH:  0    Dex: 16    Spells: 6/6 levels left

rFire    . . .     SeeInvis .   a - +0 trident
rCold    . . .     Gourm    .   (no shield)
rNeg     . . .     Faith    .   k - +0 robe (curse)
rPois    .         Spirit   .   c - +0 helmet
rElec    .         Reflect  .   (no cloak)
rCorr    .         Harm     .   (no gloves)
MR       +....                  (no boots)
Stlth    +.........             (no amulet)
HPRegen  0.17/turn              u - ring of wizardry
MPRegen  0.10/turn              n - ring of protection from magic

@: no status effects
A: change form in water, swift swim, stealthy swim
a: Heroism, Renounce Religion


You were on level 5 of the Dungeon.
You worshipped Okawaru.
Okawaru was aware of your devotion.
You were not hungry.

You visited 1 branch of the dungeon, and saw 5 of its levels.

You collected 242 gold pieces.

Inventory:

Hand Weapons
 a - a +0 trident (weapon)
Missiles
 d - 3 throwing nets
 g - 3 boomerangs (quivered)
 v - 8 poisoned darts
Armour
 b - a +0 leather armour
 c - a +0 helmet (worn)
 k - a cursed +0 robe (worn)
Jewellery
 n - a ring of protection from magic (right hand)
 u - a ring of wizardry (left hand)
Scrolls
 e - 2 scrolls of fog {unknown}
 h - 2 scrolls of remove curse {unknown}
 i - 5 scrolls of identify {unknown}
 j - a scroll of fear {unknown}
 m - a scroll of enchant armour {unknown}
 r - a scroll of noise {unknown}
Potions
 l - a potion of degeneration {unknown}
 o - 2 potions of stabbing {unknown}
 p - a potion of mutation {unknown}
 q - 3 potions of curing {unknown}
 s - 3 potions of brilliance {unknown}
 t - a potion of invisibility {unknown}
Comestibles
 f - 16 rations


   Skills:
 + Level 3.8 Fighting
 * Level 9.9 Polearms
 - Level 2.0 Throwing
 + Level 5.4 Dodging


You had 6 spell levels left.
You didn't know any spells.
Your spell library was empty.

Dungeon Overview and Level Annotations

Branches:
Dungeon (5/15)
 Temple: D:4-7

Altars:
Okawaru
Uskayaw


Message History

You kill the scorpion!
Okawaru accepts your kill. The iguana barely misses you.
The iguana closely misses you.
There is a stone staircase leading up here.
You see here a scorpion corpse.
You hit the iguana but do no damage. The iguana bites you!
You hit the iguana.
The iguana is moderately wounded.
You hit the iguana.
The iguana is moderately wounded.
The iguana bites you!
* * * LOW HITPOINT WARNING * * *
You hit the iguana.
The iguana is heavily wounded.
The iguana barely misses you.
You hit the iguana but do no damage.
The iguana is heavily wounded.
The iguana bites you!
You die...

#....# #....# #....#
#....# #....# #....#
#....# #....# #.l@.#
######....# .
#.........# ..
#.........# ####...
#....>....# ...(.Pā‰ˆ
#.........####.....Zā‰ˆ
#............#.....ā‰ˆ$
#.........##....ā™£
#.........###.....P..


You could see an iguana.

Vanquished Creatures
  2 scorpions
  A centaur skeleton (D:4)
  2 orc wizards (D:4)
  2 worker ants
  2 hound skeletons
  7 gnolls
  5 adders
  3 oozes
  2 adder skeletons (D:4)
  4 worms
  3 dart slugs (D:1)
  A leopard gecko (D:1)
  13 orcs
  A ball python (D:2)
  7 bats
  7 giant cockroaches
  13 goblins
  18 hobgoblins
  8 jackals
  16 kobolds
  4 frilled lizards
  4 rats
125 creatures vanquished.

Notes
Turn   | Place    | Note
-------+----------+-------------------------------------------
     0 | D:1      | ReteAZ the Merfolk Gladiator began the quest for the Orb.
     0 | D:1      | Reached XP level 1. HP: 16/16 MP: 1/1
    74 | D:1      | Reached skill level 5 in Polearms
    74 | D:1      | Reached XP level 2. HP: 22/22 MP: 2/2
   213 | D:1      | Reached skill level 6 in Polearms
   213 | D:1      | Reached XP level 3. HP: 27/27 MP: 3/3
   728 | D:1      | Reached XP level 4. HP: 33/33 MP: 4/4
   783 | D:2      | Found an iron altar of Okawaru.
   788 | D:2      | Reached skill level 7 in Polearms
   815 | D:2      | Became a worshipper of Warmaster Okawaru
  1362 | D:3      | Reached skill level 8 in Polearms
  1368 | D:3      | Reached XP level 5. HP: 36/38 MP: 5/5
  1677 | D:3      | Found a hide-covered altar of Uskayaw.
  2284 | D:4      | Reached * piety under Okawaru
  2284 | D:4      | Reached XP level 6. HP: 36/46 MP: 6/6
  2337 | D:4      | Reached skill level 9 in Polearms
  2618 | D:4      | Reached skill level 5 in Dodging
  2647 | D:4      | HP: 2/47 [something/magic dart (5)]
  3478 | D:4      | Reached XP level 7. HP: 50/52 MP: 7/7
  4074 | D:5      | Entered Level 5 of the Dungeon
  4127 | D:5      | Mangled by an iguana

Levels and vault maps discovered:
D:1:      lemuel_arrival_funnel, layout_basic
D:2:      layout_rooms, okawaru_metal_pillars_1_2
D:3:      layout_loops_ring, lemuel_doored_altar, first_ration,
          hangedman_decor_diamond_cutter, grunt_ministairs_6
D:4:      corexii_shantytown, layout_loops_cross
D:5:      layout_rooms, serial_bayou, serial_bayou_pond_a,
          serial_bayou_lagoon_a, serial_bayou_pond_e, serial_bayou_pond_a,
          serial_bayou_pond_b, serial_shops, kennysheep_mini

Skill      XL: |  1  2  3  4  5  6 |
---------------+-------------------+-----
Polearms       | 5 6 8 9 |  9.9
Fighting       | 3 |  3.8
Dodging        | 5 |  5.4
Throwing       | |  2.0

Action                   |  1- 3 |  4- 6 |  7- 9 || total
-------------------------+-------+-------+-------++-------
Melee: Trident           |   100 |   287 |    81 ||   468
 Stab: Sleeping          |     1 |     7 |     1 ||     9
       Distracted        |       |     1 |       ||     1
  Eat: Chunk             |       |     9 |     2 ||    11
Armor: Leather armour    |    10 |       |       ||    10
       Robe              |    15 |    25 |     4 ||    44
Dodge: Dodged            |    79 |   127 |    45 ||   251

Table legend:
 A = Non-vault XP
 B = Vault XP
 C = Vault XP percentage of total XP
 D = Non-vault monster count
 E = Vault monster count
 F = Vault count percentage of total count
                 A         B        C        D         E       F
            +---------+---------+-------+---------+---------+-------
      Total |     665 |     106 |  13.7 |      88 |      37 |  29.6
            +---------+---------+-------+---------+---------+-------
        D:1 |      82 |       0 |   0.0 |      30 |       0 |   0.0
        D:2 |      76 |       0 |   0.0 |      17 |       0 |   0.0
        D:3 |     112 |       8 |   6.7 |      26 |       3 |  10.3
        D:4 |     287 |      98 |  25.5 |      13 |      34 |  72.3
        D:5 |     108 |       0 |   0.0 |       2 |       0 |   0.0
            +---------+---------+-------+---------+---------+-------
